[Event "26th Womens ECCC 2022"]
[Site "Mayrhofen"]
[Date "2022.10.08"]
[Round "6.1"]
[White "Bulmaga, Irina"]
[Black "Muzychuk, Anna"]
[Result "1/2-1/2"]
[ECO "C45"]
[WhiteElo "2417"]
[BlackElo "2534"]
[Annotator "TA"]
[PlyCount "56"]
[EventDate "2022.10.03"]
[EventType "team-tourn"]
[EventCountry "AUT"]
[SourceTitle "playchess.com"]
[Source "ChessBase"]
[SourceQuality "1"]
[TimeControl "40/5400+30:1800+30"]

1. e4 e5 2. Nf3 Nc6 3. d4 exd4 4. Nxd4 Nf6 5. Nxc6 bxc6 6. e5 Qe7 7. Qe2 Nd5 8. c4 Ba6 9. b3 g6 10. Bb2 Bg7 11. g3 O-O 12. Bg2 Rae8 13. O-O $1 Bxe5 {[%emt 0:00:37] C45: Scotch Game.} 14. Qxe5 Qxe5 15. Bxe5 Rxe5 16. cxd5 {[%emt 0:00:33] [#] And now Rd1 would win.} Bxf1 17. Kxf1 cxd5 18. Na3 (18. f4 $5 Re3 19. Bxd5 $11) 18... c6 19. Rd1 Rfe8 {[%emt 0:04:23] Hoping for ...Re2.} 20. Bf3 {[%emt 0:02:02] Inhibits Re2.} Kf8 21. Nc2 Ke7 {[%emt 0:05:50] [#]} 22. Ne3 $146 {[%emt 0:04:05][%mdl 1024] White has compensation.} ({Predecessor:} 22. Rd4 Kd6 23. Rh4 h5 24. Ra4 Ra8 25. Ne1 Ree8 26. Nd3 a5 27. h4 Kc7 28. Rf4 Re7 29. Ra4 Ree8 30. Rf4 Re7 31. Ra4 Ree8 32. Rf4 {½-½ (32) Salgado Lopez,I (2644)-Kryvoruchko,Y (2689) Riadh 2017}) 22... Kd8 23. Rd4 {[%emt 0:08:33] The position is equal.} Kc7 24. Ra4 Kb6 25. Rb4+ Kc7 26. Ra4 Kb6 27. Rb4+ Kc7 28. Ra4 Kb6 {[%emt 0:00:03] Weighted Error Value: White=0.05 (flawless) /Black=0.09 (flawless)} 1/2-1/2

[Event "26th Womens ECCC 2022"]
[Site "Mayrhofen"]
[Date "2022.10.08"]
[Round "6.2"]
[White "Stefanova, Antoaneta"]
[Black "Saduakassova, Dinara"]
[Result "1/2-1/2"]
[ECO "E20"]
[WhiteElo "2440"]
[BlackElo "2434"]
[Annotator "TA"]
[PlyCount "70"]
[EventDate "2022.10.03"]
[EventType "team-tourn"]
[EventCountry "AUT"]
[SourceTitle "playchess.com"]
[Source "ChessBase"]
[SourceQuality "1"]
[TimeControl "40/5400+30:1800+30"]

1. d4 Nf6 2. c4 e6 3. Nc3 Bb4 4. f3 d5 5. a3 Be7 6. e4 dxe4 {[%emt 0:00:10] E20: Nimzo-Indian: 4 g3 and 4 f3.} 7. fxe4 c5 8. d5 {[%emt 0:01:47] e5 is the strong threat.} exd5 {[%emt 0:01:53] The position is equal.} 9. exd5 O-O 10. Be2 $1 {[%emt 0:01:28] The main line 10.Be2 scores better than 10.Nf3.} Bd6 11. Nb5 a6 (11... Re8 {looks sharper.} 12. Nf3 Bg4 13. O-O a6) 12. Nxd6 Qxd6 13. Nf3 {[%emt 0:01:28] [#]} b5 $146 ({Predecessor:} 13... Bg4 14. O-O Nbd7 15. Nh4 Bxe2 16. Qxe2 Rae8 17. Qf3 Re4 18. Bf4 Ne5 19. Qb3 Qd7 20. Bxe5 Rxh4 21. Bxf6 gxf6 22. Rxf6 {1-0 (30) Matlakov,M (2710)-Predke,A (2650) Izhevsk 2019}) 14. b3 bxc4 15. bxc4 Bg4 16. O-O {[%emt 0:03:10] White wants to play Nh4.} Nbd7 17. Qc2 Rfe8 18. a4 Re7 19. Ra3 Rae8 20. Bd1 Ne5 21. Nh4 (21. h3 $5 ) 21... Ng6 22. Nxg6 hxg6 23. Bf4 Qd7 24. h3 Bxd1 25. Qxd1 Re4 26. Rc3 Rd4 27. Qb3 Ne4 28. Rc2 {[%emt 0:01:02] [#] Black must now prevent Be3.} (28. Rcf3 $5 ) 28... Nd6 29. a5 Nf5 30. Bc1 (30. Rd2 $11) 30... Rde4 {[%emt 0:00:40] aiming for ...Nd4.} 31. Rcf2 {[%emt 0:01:36] [#]} Qc7 ({Better is} 31... f6 $1 $17) 32. Bd2 (32. Bf4 $15 Qxa5 33. Qb7) 32... Ng3 $2 (32... Qg3 $17 33. Qb6 Qd3) 33. Rxf7 $2 (33. Bf4 $16 Rxf4 34. Qxg3) 33... Ne2+ 34. Kh1 Ng3+ {[%emt 0:00:16][%mdl 1024] Black has strong compensation.} 35. Kg1 {[%emt 0:00:04] The board is on fire.} Ne2+ $2 {[%emt 0:00:23] Weighted Error Value: White=0.29 (precise) /Black=0.27 (precise)} (35... Qe5 $19 36. R1f3 Qd4+ 37. Kh2 Qxd2) 1/2-1/2

[Event "26th Womens ECCC 2022"]
[Site "Mayrhofen"]
[Date "2022.10.08"]
[Round "6.3"]
[White "Atalik, Ekaterina"]
[Black "Cramling, Pia"]
[Result "0-1"]
[ECO "A30"]
[WhiteElo "2406"]
[BlackElo "2459"]
[Annotator "TA"]
[PlyCount "112"]
[EventDate "2022.10.03"]
[EventType "team-tourn"]
[EventCountry "AUT"]
[SourceTitle "playchess.com"]
[Source "ChessBase"]
[SourceQuality "1"]
[TimeControl "40/5400+30:1800+30"]

1. c4 c5 2. Nf3 Nf6 3. Nc3 e6 4. g3 a6 5. Bg2 Qc7 6. O-O Be7 7. b3 O-O 8. Bb2 b6 9. d4 cxd4 10. Qxd4 d6 11. Rfd1 Bb7 12. Rac1 Nbd7 13. h3 Rfd8 {[%emt 0:06:57] A30: Symmetrical English: Double Fianchetto and Hedgehog.} 14. g4 Rac8 15. g5 Nh5 {[%emt 0:06:20] The position is equal.} 16. Qg4 g6 {[%emt 0:00:14] [#]} 17. Ne4 $146 ({Predecessor:} 17. h4 Qb8 18. Ne4 Nc5 19. Nf6+ Bxf6 20. Bxf6 Nxf6 21. gxf6 Ne4 22. Qf4 e5 23. Qe3 Nxf6 24. Qxb6 {½-½ (72) Kempinski,R (2510)-Lauber,A (2380) Medellin 1996}) 17... Qb8 18. Nxd6 Bxd6 $17 19. Qd4 {[%emt 0:00:13][%csl Gb2][%cal Rd4h8] [#]} Ndf6 $1 20. Qc3 (20. gxf6 $2 Bxf3 21. Bxf3 Bh2+ 22. Kf1 Rxd4 $19) 20... Bf4 $1 (20... Bxf3 21. Bxf3 Bf4 22. Bxh5 Bxg5 23. Bf3 $11) 21. gxf6 Bxc1 {[%emt 0:01:12] Black is more active.} 22. Rxc1 Qf4 (22... Nf4 $17 23. Bf1 Rc5) 23. e3 $11 Qf5 24. Qe5 $2 {[%emt 0:03:51] [#]} Rc5 $1 $36 {[%emt 0:00:56][%mdl 2048] Keeping White busy.} 25. Qxf5 Rxf5 (25... gxf5 26. Kh2 $11) (25... exf5 26. Bd4 $11) 26. Nh4 Rg5 27. Kf1 Bxg2+ 28. Nxg2 e5 {[%emt 0:02:27] Inhibits Bd4. And now ...Rd2 would win.} 29. Ba3 e4 (29... Nxf6 30. Be7 Rd2 31. Bxf6 $16) 30. Rc2 Rd1+ (30... Nxf6 31. Be7 Rd1+ 32. Ke2 $17) 31. Ke2 Rd7 (31... Rxg2 32. Kxd1 h6 33. Rd2 $18) 32. Nf4 Nxf6 33. Bb2 Rd6 ({Black should play} 33... Rf5 $19 34. Ke1 Rd6) 34. Ba3 $17 Rd7 {[%emt 0:00:07] Hoping for ...Rg1.} 35. Bb2 Rf5 36. b4 (36. Ke1 $17) 36... g5 $19 37. Ng2 Rc7 38. Bd4 Rc6 39. Ne1 Ne8 40. f3 (40. a4 $17) 40... Nd6 41. c5 {[%emt 0:31:02] [#]} bxc5 $1 42. bxc5 exf3+ 43. Nxf3 f6 {[%emt 0:04:54] Inhibits Ne5.} 44. Nd2 Rd5 45. Kd3 Nf7 (45... Nb7 $19 46. Nb3 Rd7) 46. Ke4 (46. Kc4 $17 {was necessary.} Rd8 47. Ne4) 46... Rd7 47. Rb2 (47. Nc4 $17) 47... Re6+ 48. Kf5 Nd8 49. Nc4 Rd5+ 50. Kg4 Nc6 51. Nd6 Kg7 ({Don't blunder} 51... Nxd4 $2 52. exd4 Kg7 53. Kf3 $19 (53. Rb7+ $2 Kg6 $19)) 52. Kf3 $2 (52. h4 gxh4 53. Nf5+ Kf8 54. Kf4) 52... Kg6 {[%emt 0:00:33] Black is clearly winning.} 53. Rd2 f5 54. Nc4 Re4 55. Bc3 Rxd2 (55... Rxc4 56. Rxd5 g4+ 57. hxg4 fxg4+ 58. Ke2 Rxc3 59. Rd6+ Kf5 60. Rxc6 $19) 56. Nxd2 Rh4 {[%emt 0:00:32] Weighted Error Value: White=0.31/Black=0.17 (very precise)} 0-1

[Event "26th Womens ECCC 2022"]
[Site "Mayrhofen"]
[Date "2022.10.08"]
[Round "6.4"]
[White "Paehtz, Elisabeth"]
[Black "Efroimski, Marsel"]
[Result "1/2-1/2"]
[ECO "B22"]
[WhiteElo "2469"]
[BlackElo "2462"]
[Annotator "TA"]
[PlyCount "110"]
[EventDate "2022.10.03"]
[EventType "team-tourn"]
[EventCountry "AUT"]
[SourceTitle "playchess.com"]
[Source "ChessBase"]
[SourceQuality "1"]
[TimeControl "40/5400+30:1800+30"]

1. e4 c5 2. c3 Nf6 3. e5 Nd5 4. Nf3 Nc6 5. d4 cxd4 6. Bc4 Nb6 7. Bb3 d5 8. exd6 Qxd6 9. Na3 a6 10. O-O Na5 {[%emt 0:04:45] [#] B22: Sicilian: 2 c3.} 11. Nxd4 $146 ({Predecessor:} 11. Ba4+ Nxa4 12. Qxa4+ Nc6 13. Nxd4 Qd7 14. Nf3 Ne5 15. Qe4 Nxf3+ 16. Qxf3 Qf5 17. Qg3 Qg4 18. Qc7 Qd7 19. Qg3 Qg4 20. Qc7 Qd7 {½-½ (20) Caroff,F (2057)-Jouneau,Q (1891) Fouesnant 2006}) 11... Nxb3 12. Qxb3 e5 13. Nf3 {[%emt 0:13:40] aiming for Be3.} Be6 14. c4 Qc7 15. Be3 Nxc4 16. Nxc4 (16. Qa4+ $1 $14 Qc6 17. Qxc6+ bxc6 18. Nxc4 Bxc4 19. Rfc1) 16... Qxc4 $11 ({Don't play} 16... Bxc4 17. Qc2 Rc8 18. Rfc1 $14) 17. Qxb7 Bd5 18. Qb6 Bxf3 19. gxf3 {[%emt 0:00:26] Strongly threatening Qb7.} Be7 20. Rfc1 Qb5 21. Qc7 Bd8 22. Qd6 Be7 23. Qc7 $40 {[%emt 0:01:48][%mdl 128] And now Bc5 would win. White has some attack.} Bd8 $1 24. a4 Qd5 25. Rc5 Bxc7 26. Rxd5 {[%emt 0:00:02] Black must now prevent Rc1.} Ke7 27. Rc1 Rhc8 28. Rc6 a5 ({Black should try} 28... Ke8 $14) 29. Bd2 {[%emt 0:16:47] White is much more active.} ({White should play} 29. Kg2 $16) 29... f6 {[%emt 0:04:29] [#]} 30. Kg2 $1 Bd8 {[%emt 0:05:13] [#]} (30... h5 $142) 31. Rcd6 (31. Rxc8 $1 $16 Rxc8 32. Bxa5) 31... Ke8 (31... Bc7 $11 {keeps the balance.} 32. Rc6 Bd8 33. Rxc8 Rxc8) 32. Bc3 (32. Rd7 $16) 32... Rc4 33. Rd7 Be7 34. Bxa5 (34. Rb7 $1 $14) 34... Rxa5 35. Rxe7+ $1 Kxe7 36. Rxa5 $14 {[%emt 0:00:02][%mdl 4096] Endgame KR-KR} Rb4 37. Ra7+ Kf8 38. a5 {[%emt 0:01:56] Hoping for a6.} Rxb2 39. a6 Ra2 40. Kg3 h5 41. h4 Kg8 42. Ra8+ Kh7 43. a7 Kg6 44. Kg2 Ra3 45. Kg3 Kf5 46. Rh8 Rxa7 {[%emt 0:00:00] Black wants to play ...g6.} 47. Rxh5+ g5 48. hxg5 Rg7 49. Rh4 Rxg5+ 50. Kh2 Ke6 51. f4 {[%emt 0:00:00] The position is equal.} Rg8 52. fxe5 Kxe5 53. Ra4 $1 Kf5 54. Rb4 Rg7 55. Ra4 Rg8 {[%emt 0:00:00] Weighted Error Value: White=0.15 (very precise) /Black=0.14 (very precise)} 1/2-1/2

[Event "26th Womens ECCC 2022"]
[Site "Mayrhofen"]
[Date "2022.10.08"]
[Round "6.5"]
[White "Danielian, Elina"]
[Black "Mammadzada, Gunay"]
[Result "1-0"]
[ECO "D47"]
[WhiteElo "2431"]
[BlackElo "2483"]
[Annotator "TA"]
[PlyCount "53"]
[EventDate "2022.10.03"]
[EventType "team-tourn"]
[EventCountry "AUT"]
[SourceTitle "playchess.com"]
[Source "ChessBase"]
[SourceQuality "1"]
[TimeControl "40/5400+30:1800+30"]

1. d4 d5 2. c4 c6 3. Nf3 Nf6 4. Nc3 e6 5. e3 Nbd7 6. Bd3 dxc4 7. Bxc4 b5 8. Bd3 Bb7 9. O-O a6 10. e4 c5 11. d5 Qc7 12. Qe2 c4 {[%emt 0:13:04] D48: Semi-Slav: Meran System: 7...b5 8 Bd3 a6.} 13. Bc2 Bc5 (13... Bd6 $1 $11) 14. dxe6 $1 $16 fxe6 {[%emt 0:00:01] White is better.} 15. e5 Ng4 {[%emt 0:14:23] [#]} 16. Ng5 $1 Ndxe5 {[%emt 0:02:23] [#]} 17. Bf4 $1 $36 {[%emt 0:00:54][%mdl 2048] White is really pushing.} O-O-O (17... Qc6 $2 18. Be4 Qd6 19. Bxb7 $18) (17... Qe7 $16) 18. Be4 {[%emt 0:00:32] [#]} (18. Qxg4 Nxg4 19. Bxc7 Rd2 $15) 18... Bxe4 $146 (18... Qe7 $16 {keeps fighting.}) ({Predecessor:} 18... Qe7 19. h3 Nxf2 20. Rxf2 Bxf2+ 21. Qxf2 Bxe4 22. Bxe5 Bb7 23. Qa7 Qxg5 24. Qb8+ Kd7 25. Qxb7+ Ke8 26. Qc6+ Ke7 27. Qc5+ Kf7 28. Ne4 Qh6 29. Rf1+ Kg6 30. Bxg7 {1-0 (30) Najdorf,M-Foguelman,A Buenos Aires 1968}) 19. Ncxe4 $18 ({Not} 19. Qxe4 Nxf2 20. Rxf2 (20. Qa8+ Kd7 $15) 20... Bxf2+ 21. Kh1 Bd4 $17) 19... Bd4 20. Nxe6 Qf7 21. N4g5 {[%emt 0:07:13] Chess con chili.} Qf5 22. h3 Nd3 23. Qf3 ({Less strong is} 23. Qxg4 Qxg4 24. hxg4 Bxb2 $18) ({Worse is} 23. Qe4 Qxe4 24. Nxe4 Rhe8 25. Nxd8 Rxe4 $17) 23... Nge5 {[%emt 0:01:14] Prevents Qc6+.} (23... Qd5 24. Qxg4 h5) 24. Qa8+ {[%emt 0:00:18] White is clearly winning.} Kd7 25. Qb7+ Kd6 26. Nxd4 Qxf4 27. Ne4+ {[%emt 0:00:15] Black did not feel at home in the position after the opening.  Weighted Error Value: White=0.14 (very precise) /Black=0.70} 1-0

[Event "26th Womens ECCC 2022"]
[Site "Mayrhofen"]
[Date "2022.10.08"]
[Round "6.6"]
[White "Fataliyeva, Ulviyya"]
[Black "Ushenina, Anna"]
[Result "1/2-1/2"]
[ECO "A45"]
[WhiteElo "2422"]
[BlackElo "2445"]
[Annotator "TA"]
[PlyCount "89"]
[EventDate "2022.10.03"]
[EventType "team-tourn"]
[EventCountry "AUT"]
[SourceTitle "playchess.com"]
[Source "ChessBase"]
[SourceQuality "1"]
[TimeControl "40/5400+30:1800+30"]

1. d4 Nf6 2. Nc3 d5 3. Bf4 c6 4. Nf3 Bf5 5. e3 h6 6. Ne5 {[%emt 0:01:51] [#] D00: 1 d4 d5: Unusual lines.} Ne4 $146 (6... e6 $11) ({Predecessor:} 6... Nbd7 7. Bd3 Bxd3 8. Nxd3 e6 9. O-O Be7 10. h3 O-O 11. Qf3 c5 12. dxc5 Nxc5 13. Nxc5 Bxc5 {0-1 (43) Bortnyk,O (2604)-Boruchovsky,A (2551) Chess.com INT 2022}) 7. Bd3 e6 (7... Nd7 $14 {should be considered.}) 8. Bxe4 $16 {[%emt 0:07:11] White is better.} Bxe4 9. Nxe4 ({Much less strong is} 9. Qh5 g6 10. Qh3 g5 $11) 9... dxe4 10. Qh5 {[%emt 0:00:55][%csl Ge5][%cal Rh5f7] [#]} g6 11. Qg4 {[%emt 0:18:19] White is more active.} (11. Qe2 $14) 11... Rg8 12. h4 Nd7 13. O-O-O Nxe5 14. dxe5 Qa5 15. Kb1 Bg7 16. Rd6 Rd8 17. Qd1 Bf8 18. Rxd8+ Qxd8 19. Qd4 Qxd4 20. exd4 $14 {[%emt 0:00:25][%mdl 4096] Endgame KRB-KRB} Be7 21. Bxh6 Rh8 22. Be3 Rxh4 23. Rxh4 Bxh4 {[%emt 0:00:02] KB-KB} 24. g4 {[%emt 0:00:04] [#] Black must now prevent g5.} f5 {[%emt 0:03:18] Strongly threatening ...g5. The position is equal.} 25. exf6 $1 Bxf6 26. Kc1 Kd7 27. Kd2 a6 28. Kc3 e5 29. Kc4 Kd6 30. dxe5+ $1 Bxe5 31. Bc5+ Ke6 32. c3 b5+ 33. Kb4 Bc7 34. c4 a5+ 35. Kb3 Ke5 {[%emt 0:01:22] And now ...Kf4 would win.} 36. Be3 Bd8 37. cxb5 cxb5 38. a4 bxa4+ 39. Kxa4 Kd5 40. Kb5 Bf6 41. b3 Bc3 42. Bb6 Be1 43. Be3 Bc3 44. Bb6 Be1 45. Be3 {[%emt 0:00:00] Weighted Error Value: White=0.09 (flawless) /Black=0.08 (flawless)} 1/2-1/2

[Event "26th Womens ECCC 2022"]
[Site "Mayrhofen"]
[Date "2022.10.08"]
[Round "6.7"]
[White "Osmak, Yuliia"]
[Black "Mammadova, Gulnar"]
[Result "1-0"]
[ECO "D27"]
[WhiteElo "2428"]
[BlackElo "2389"]
[Annotator "TA"]
[PlyCount "105"]
[EventDate "2022.10.03"]
[EventType "team-tourn"]
[EventCountry "AUT"]
[SourceTitle "playchess.com"]
[Source "ChessBase"]
[SourceQuality "1"]
[TimeControl "40/5400+30:1800+30"]

1. d4 d5 2. c4 dxc4 3. Nf3 Nf6 4. e3 e6 5. Bxc4 c5 6. O-O a6 7. Be2 {[%emt 0:01:17] D27: Queen's Gambit Accepted: Classical main line: 7 e4!? and 7 a4.} Nbd7 8. Nc3 b5 9. Ne5 {[%emt 0:12:54] The position is equal.} Nxe5 10. dxe5 Qxd1 11. Rxd1 Nd7 12. f4 $36 {[%emt 0:00:42][%mdl 2048] White is pushing.} Bb7 {[%emt 0:00:32] [#]} 13. a4 $146 ({Predecessor:} 13. Kf2 Be7 14. Bf3 Bxf3 15. Kxf3 O-O-O 16. Bd2 f6 17. exf6 gxf6 18. a4 b4 19. Ne4 {0-1 (51) Noritsyn,N (2512)-Rozhkov,V (2248) Chess.com INT 2021}) 13... b4 14. Nb1 Be7 15. Nd2 f6 16. Nc4 Bd5 17. e4 Bxe4 18. Nd6+ Bxd6 19. Rxd6 Bd5 20. Bxa6 fxe5 (20... Ke7 $14) 21. Bb5 $16 {[%emt 0:07:27][%csl LRd7,LRe5] A strong pair of Bishops.} O-O-O 22. Be3 e4 {[%emt 0:04:37] [#]} 23. Rc1 {[%emt 0:06:51] White has more active pieces.} (23. f5 $1 $16 Kc7 24. Bf4) 23... Kc7 $1 $14 24. Rxd7+ Rxd7 25. Rxc5+ Kd6 {[%emt 0:00:15] Strongly threatening ...Rdd8.} 26. Bxd7 Kxd7 {[%emt 0:00:04][%mdl 4096] Endgame KRB-KRB} 27. Rb5 b3 28. a5 {[%emt 0:00:46] Threatens to win with a6.} Ra8 29. Bd4 g6 30. Kf2 {[%emt 0:00:13] White stays focused until the end.} Kc6 31. Rb6+ Kd7 {[%emt 0:01:19] [#]} 32. Bc3 Kc8 33. Ke3 Ra7 (33... Kd7 $16 {was called for.} 34. g3 Rc8) 34. a6 $18 Rc7 (34... Kc7 $16 {might work better.} 35. Ba5 Kd7) 35. Be5 Rc1 (35... Ra7 36. Bb8 Rxa6 37. Rxa6 Kxb8) 36. Rb8+ Kd7 {[%emt 0:00:02] [#]} 37. Rb7+ $1 {[%emt 0:00:21][%mdl 512] White is clearly winning.} Kc8 (37... Ke8 38. Rxh7) 38. Rxh7 Re1+ 39. Kf2 Ra1 40. a7 e3+ 41. Kxe3 Bxg2 42. Rc7+ Kd8 43. Rg7 Bd5 44. Kd4 Kc8 45. Kc5 {[%emt 0:00:00] aiming for Kb6.} Be4 46. Kb6 {[%emt 0:00:00] White wants to mate with Bf6.} Kd8 47. h4 Ra4 48. Bc3 Rc4 49. Bf6+ Ke8 50. Re7+ Kf8 51. Rxe6 Bg2 52. Be5 Bd5 53. Rd6 {[%emt 0:00:00] Weighted Error Value: White=0.07 (flawless) /Black=0.24 (precise)} (53. Rxg6 $142 Kf7 54. h5) 1-0

[Event "26th Womens ECCC 2022"]
[Site "Mayrhofen"]
[Date "2022.10.08"]
[Round "6.8"]
[White "Balajayeva, Khanim"]
[Black "Maltsevskaya, Aleksandra"]
[Result "1-0"]
[ECO "B22"]
[WhiteElo "2384"]
[BlackElo "2389"]
[Annotator "TA"]
[PlyCount "69"]
[EventDate "2022.10.03"]
[EventType "team-tourn"]
[EventCountry "AUT"]
[SourceTitle "playchess.com"]
[Source "ChessBase"]
[SourceQuality "1"]
[TimeControl "40/5400+30:1800+30"]

1. e4 c5 2. c3 d5 3. exd5 Nf6 4. Qa4+ Nbd7 5. Qb3 Nb6 6. Bb5+ {[%emt 0:01:39] B22: Sicilian: 2 c3.} Bd7 7. c4 $1 {[%emt 0:01:33] [#]} Qc7 $146 ({Predecessor:} 7... e6 8. dxe6 fxe6 9. Nf3 Bd6 10. d4 O-O 11. dxc5 Bxc5 12. Bxd7 Qxd7 13. O-O Qc7 {1-0 (72) Brinovec,D (2188)-Janzelj,T (2437) Ljubljana 2018}) 8. Nf3 {[%emt 0:02:50] White is better.} O-O-O 9. Bxd7+ Qxd7 (9... Nbxd7 $16 10. O-O e6) 10. O-O $1 $18 {[%emt 0:01:18] Nc3 is the strong threat.} e6 11. dxe6 Qxe6 12. Na3 Qf5 13. d4 $1 cxd4 14. Nb5 Bc5 15. Nxa7+ Kb8 16. Nb5 {[%emt 0:00:15] And now a4 would win.} d3 17. Bd2 (17. a4 $1 $18 {[%cal Ra4a5] is more deadly.}) 17... Rhe8 $16 18. Bb4 (18. Rad1 $16) 18... Re2 {[%emt 0:01:56] [#]} (18... Nh5 $11 {keeps the balance.}) 19. Nc3 (19. Rad1 $1 $16) 19... Ng4 $1 $36 {[%emt 0:06:32][%cal Rc5f2][%mdl 2048] Black fights for an advantage.} 20. Nd1 (20. Nxe2 dxe2 21. h3 exf1=Q+ 22. Rxf1 Rd3 23. hxg4 Rxb3 24. gxf5 Rxb4 $17) 20... Rd6 21. h3 Nxf2 22. Rxf2 $18 (22. Nxf2 Rg6 23. Kh1 (23. Bxc5 $2 Qxf3 24. Bd6+ Kc8 $19) 23... Bxf2 $11) 22... Bxf2+ 23. Nxf2 Rg6 {[%emt 0:00:11] [#] ( -> ...Qxf3)} 24. Kf1 $1 ({Stronger than} 24. Qxd3 Qxd3 25. Nxd3 Rexg2+ 26. Kh1 R2g3 $11) ({Don't blunder} 24. Ng4 $2 h5 25. Nh4 Qe4 $19) 24... Qf4 $2 (24... Rc6) 25. Bc5 $2 {[%emt 0:10:25] [#]} ({White has to play} 25. Nxd3 $18 Qe4 26. Nf2) 25... Qg3 $15 26. Ne1 {[%emt 0:00:59] [#]} Rxe1+ $1 27. Kxe1 Qxg2 $2 {[%emt 0:00:16][%mdl 8192] This costs Black the game.} 28. Bxb6 $18 {[%emt 0:03:30][%cal Bc5b6,Bb6e3,Be3d2][%mdl 32] White is clearly winning.} Re6+ (28... Qg1+ $142 29. Kd2 Qxa1) 29. Kd2 Qg5+ 30. Kc3 d2 31. Nd3 Rd6 32. Kc2 {[%emt 0:00:55] Strongly threatening c5.} Qg6 33. Be3 Kc8 34. Bxd2 f5 35. Re1 {[%emt 0:00:29] Weighted Error Value: White=0.39/Black=0.67} 1-0

[Event "26th Womens ECCC 2022"]
[Site "Mayrhofen"]
[Date "2022.10.08"]
[Round "6.9"]
[White "Sukandar, Irine Kharisma"]
[Black "Kashlinskaya, Alina"]
[Result "1-0"]
[ECO "D38"]
[WhiteElo "2401"]
[BlackElo "2482"]
[Annotator "TA"]
[PlyCount "125"]
[EventDate "2022.10.03"]
[EventType "team-tourn"]
[EventCountry "AUT"]
[SourceTitle "playchess.com"]
[Source "ChessBase"]
[SourceQuality "1"]
[TimeControl "40/5400+30:1800+30"]

1. d4 Nf6 2. c4 e6 3. Nf3 d5 4. Nc3 Bb4 5. Qa4+ Nc6 6. e3 O-O 7. Qc2 {[%emt 0:00:21] D38: Queen's Gambit Declined: Ragozin Defence (4 Nf3 Bb4).} b6 8. a3 Bxc3+ 9. Qxc3 {[%emt 0:00:21] The position is equal.} Ba6 10. b4 {[%emt 0:06:44] aiming for b5.} dxc4 11. Bxc4 Ne4 12. Qc2 Bxc4 13. Qxc4 Qd5 14. Qxd5 exd5 15. Bd2 Nd6 16. Rc1 Nc4 17. b5 {[%emt 0:00:33] [#]} N6a5 $146 (17... Nd8 $11) ({Predecessor:} 17... Nd8 18. Bb4 Re8 19. Nd2 a5 20. bxa6 b5 21. a4 Nc6 22. Bc5 Nxd2 23. Kxd2 bxa4 {0-1 (49) Bernabeu Lopez,C (2366)-Arizmendi Martinez,J (2517) Marbella 2019}) 18. Ke2 (18. Bxa5 $5 Nxa5 19. Rxc7 $14) 18... Nxd2 19. Nxd2 Rac8 20. Rc3 c5 21. bxc6 {[%emt 0:05:53] Threatens to win with c7.} Rxc6 22. Rxc6 Nxc6 $14 {[%emt 0:00:05][%mdl 4096] Endgame KRN-KRN} 23. Kd3 Rc8 24. Nb1 f6 25. Nc3 Ne7 26. Rb1 Rc6 27. Rb5 Rd6 28. Rb3 Rc6 29. a4 Kf7 30. a5 Ke6 31. Nb5 ({Better is} 31. Ra3 $16) 31... bxa5 $11 32. Nxa7 Rc1 33. Ra3 Rg1 34. g3 Rg2 (34... Rb1 $1 $11) 35. Ke2 $1 $14 Rxh2 36. Rxa5 (36. Nb5 $1 $14) 36... Rh1 (36... Nf5 $1 $11 37. Kf3 Nd6) 37. Ra6+ Kd7 38. Nb5 Rc1 39. Kd2 {[%emt 0:03:00] Inhibits Rc2+.} Rf1 40. Ra7+ $1 Kd8 $1 41. Ke2 Rb1 42. Nd6 Rb6 43. Nb7+ Ke8 44. Nc5 g5 45. g4 h6 46. Kf3 {[%emt 0:00:00] White is more active.} f5 (46... Ng6 $11) 47. gxf5 (47. Nd7 $16 fxg4+ 48. Kxg4) 47... Nxf5 48. Kg4 Ne7 (48... Rf6 $1 $14) 49. Kh5 $16 Rf6 $2 (49... Nf5 $16) 50. Ra8+ $1 $18 Kf7 51. Nd7 Rd6 52. Ne5+ Kg7 53. Ra7 Kf8 54. f3 (54. f4 $1 $18 {is the precise move to win.}) 54... Ng8 (54... Re6 $16 55. Ra8+ Kg7) 55. Ng6+ (55. f4 $1 $18) 55... Ke8 $16 56. Rg7 Nf6+ 57. Kxh6 g4 {[%emt 0:00:00] [#]} 58. fxg4 Nxg4+ 59. Kg5 Nf6 (59... Nf2 $142) 60. Kf5 (60. Nf4 $16) 60... Ra6 $2 {[%emt 0:00:00] [#]} ({Black should play} 60... Nh5 $1 $14 61. Re7+ Kd8) 61. Nf4 $1 $18 {[%emt 0:01:03] Intending Rg6 and mate.} Kf8 $2 (61... Ne4 $18 62. Nxd5 Nd6+ 63. Kf4 Ra1 64. Nc7+ Kf8) 62. Rg6 Kf7 63. Nh5 {[%emt 0:00:45] Weighted Error Value: White=0.13 (very precise) /Black=0.36} 1-0